 Dungeon Crawl Stone Soup version 0.31.0-32-g396128a36d (webtiles) character file.

Game seed: 3644705555174877763

1626 dorian the Cutter (level 8, -3/43 HPs)
             Began as a Vine Stalker Brigand on Mar 15, 2024.
             Was the Champion of Uskayaw.
             Slain by a centaur warrior skeleton (4 damage)
             ... on level 7 of the Dungeon.
             The game lasted 00:11:31 (4394 turns).

dorian the Cutter (Vine Stalker Brigand)            Turns: 4394, Time: 00:11:32

Health: -3/43      AC:  8    Str: 14    XL:     8   Next: 97%
Magic:  0/12       EV: 13    Int: 11    God:    Uskayaw [******]
Gold:   293        SH: 10    Dex: 20    Spells: 7/7 levels left

rFire   . . .        m - +7 Throatcutter {drain, coup de grace}
rCold   . . .        v - +0 kite shield
rNeg    . . .        n - +0 ring mail
rPois   .            u - +0 helmet
rElec   .            c - +1 cloak
rCorr   +            (no gloves)
SInv    .            (no boots)
Will    +....        (no amulet)
Stlth   ++           l - ring "Miuf" {EV+5 Dex+2}
HPRegen 1.07/turn    s - ring of resist corrosion
MPRegen 0.13/turn

%: guardian spirit
@: no status effects
A: fangs 3, regeneration 1, magic shield, antimagic bite, no potion heal 2
a: Renounce Religion, Stomp, Line Pass, Grand Finale


You were on level 7 of the Dungeon.
You worshipped Uskayaw.
Uskayaw was noncommittal.
You visited 2 branches of the dungeon, and saw 8 of its levels.
You also visited: Sewer.

You collected 293 gold pieces.

Inventory:

Hand Weapons
 a - a +2 dagger
 j - a +2 dagger of venom
 m - the +7 Throatcutter (weapon) {drain, coup de grace}
   (You found it on level 2 of the Dungeon)
Missiles
 d - 14 poisoned darts (quivered)
 e - 3 curare-tipped darts
 p - a throwing net
Armour
 b - a +0 robe
 c - a +1 cloak (worn)
 i - a +2 hat
 n - a +0 ring mail (worn)
 u - a +0 helmet (worn)
 v - a +0 kite shield (worn)
Jewellery
 l - the ring "Miuf" (left hand) {EV+5 Dex+2}
   (You acquired it on level 2 of the Dungeon)

   [ring of evasion]

   EV+5:      It affects your evasion (+5).
   Dex+2:     It affects your dexterity (+2).
 o - a +6 ring of strength
 s - a ring of resist corrosion (right hand)
Scrolls
 k - 3 scrolls of fog
 r - 4 scrolls of identify
 x - a scroll of summoning {unknown}
 y - a scroll of enchant armour
 A - a scroll of blinking {unknown}
 B - a scroll of teleportation {unknown}
 C - a scroll of revelation
Potions
 f - 2 potions of attraction
 g - a potion of enlightenment
 h - 2 potions of haste
 q - 2 potions of curing
 t - 2 potions of brilliance
 w - a potion of heal wounds
 z - a potion of cancellation {unknown}
 D - 2 potions of resistance {unknown}
 E - a potion of invisibility {unknown}


   Skills:
 + Level 5.0 Fighting
 * Level 7.0 Short Blades
 - Level 1.7 Throwing
 - Level 0.7 Dodging
 - Level 4.8 Stealth
 + Level 3.7 Shields
 + Level 4.1 Invocations


You had 7 spell levels left.
You didn't know any spells.
Your spell library contained the following spells:

 Spells                   Type           Power      Damage    Failure   Level
 Shock                    Conj/Air       0%         1d3       94%         1
 Hailstorm                Conj/Ice       0%         3d5       100%        3
 Summon Ice Beast         Ice/Summ       0%         N/A       100%        3
 Swiftness                Air            0%         N/A       100%        3
 Airstrike                Air            0%         2d(0-16)  100%        4
 Sculpt Simulacrum        Ice/Alch       0%         N/A       100%        6


Dungeon Overview and Level Annotations

Branches:
Dungeon (7/15) Zot: 25771  Temple (1/1) D:4 Zot: 5981   Sewer (visited)

Altars:
Ashenzari
Dithmenos
Elyvilon
Fedhas
Gozag
Hepliaklqana
Kikubaaqudgha
Makhleb
Okawaru
Qazlal
Ru
Sif Muna
Trog
Uskayaw
Wu Jian
Xom
Yredelemnul
Zin
The Shining One


Innate Abilities, Weirdness & Mutations

You have razor-sharp teeth.
Your natural rate of healing is unusually fast.
When hurt, damage is shared between your health and your magic reserves.
Your bite disrupts and absorbs the magic of your enemies.
Potions cannot restore your health.


Message History

You block the centaur warrior skeleton's attack.
Unknown command.
You don't have enough magic at the moment.
You hit the meliai zombie.
The meliai zombie is lightly damaged.
You block the wolf spider zombie's attack.
The wolf spider zombie bites you.
* * * LOW HITPOINT WARNING * * *
You block the gnoll's attack.
The centaur warrior zombie hits the wolf spider zombie.
The centaur warrior zombie kicks the wolf spider zombie.
You block the centaur warrior skeleton's attack.
The centaur warrior skeleton kicks you but does no damage.
The wolf spider zombie closely misses you.
The wolf spider zombie barely misses you.
The meliai zombie hits you.
* * * LOW HITPOINT WARNING * * *
The meliai zombie hits you but does no damage.
The meliai zombie hits itself!
The meliai zombie completely misses itself.
The gnoll barely misses you.
The centaur warrior zombie hits the shadow imp.
The centaur warrior zombie kicks the shadow imp.
The shadow imp hits the centaur warrior zombie.
The shadow imp hits itself.
The shadow imp is killed!
Unknown command.
Okay, then.
You completely miss the meliai zombie. Your bite misses the meliai zombie.
The meliai zombie is moderately damaged.
The meliai zombie seems less confused.
The centaur warrior zombie seems less confused.
The centaur warrior skeleton hits you!
* * * LOW HITPOINT WARNING * * *
The centaur warrior skeleton barely misses you.
The wolf spider zombie closely misses you.
You block the wolf spider zombie's attack.
You block the meliai zombie's attack. The meliai zombie barely misses you.
The centaur warrior skeleton hits you.
You die...

#. #. .### .....##### #
##......Z##### #
.......@Z.)((###### ##
......Z.Zg##......#####.
....8...88.#.###........
8.8........#.# #####...#
...........#.# ###.#
...))......#.# #.#
8...∩........# #.#
.....8.....### #.# #.#


You could see a gnoll, a wolf spider zombie, a centaur warrior zombie, a meliai
zombie and a centaur warrior skeleton.

Vanquished Creatures
  A hellwing (D:7)
  Pargi (Sewer)
  An ice beast (D:7)
  An orc warrior (D:6)
  A black bear (D:6)
  A centaur (D:5)
  A bullfrog (D:7)
  A brain worm (Sewer)
  2 scorpions
  A gnoll sergeant (D:6)
  2 bombardier beetles
  A gnoll bouda (D:7)
  An orc priest (D:6)
  Crazy Yiuf (D:4)
  A hound (D:5)
  2 jellies
  A sleepcap (D:6)
  An iguana (D:4)
  An orc wizard (D:3)
  Robin (D:4)
  12 gnolls
  3 adders
  4 shadow imps (D:7)
  2 white imps
  4 ufetubi (D:6)
  A dart slug (D:2)
  16 orcs
  4 bats
  7 endoplasms
  2 giant cockroaches
  13 goblins
  7 hobgoblins
  4 jackals (D:4)
  5 quokkas
  13 ball pythons
  4 frilled lizards
  4 kobolds
  6 rats
134 creatures vanquished.

Notes
Turn   | Place    | Note
-------+----------+-------------------------------------------
     0 | D:1      | dorian the Vine Stalker Brigand began the quest for the
                  | Orb.
     0 | D:1      | Reached XP level 1. HP: 11/11 MP: 2/2
    68 | D:1      | Reached skill level 2 in Short Blades
   136 | D:1      | Reached XP level 2. HP: 15/15 MP: 3/3
   285 | D:1      | Found a faded altar of an unknown god.
   765 | D:2      | Reached XP level 3. HP: 18/18 MP: 4/4
   766 | D:2      | Found the +7 Throatcutter {drain, coup de grace}
  1001 | D:2      | Found an opulent altar of Gozag.
  1094 | D:2      | Reached skill level 3 in Short Blades
  1168 | D:2      | Identified a scroll of acquirement
  1168 | D:2      | Acquired the ring "Miuf" {EV+5 Dex+2}
  1537 | D:3      | Reached XP level 4. HP: 23/23 MP: 5/5
  1837 | D:3      | Reached XP level 5. HP: 26/28 MP: 4/6
  2112 | D:4      | Reached skill level 4 in Short Blades
  2135 | D:4      | Found a staircase to the Ecumenical Temple.
  2146 | Temple   | Entered the Ecumenical Temple
  2155 | Temple   | Became a worshipper of Uskayaw the Reveller
  2293 | D:4      | Reached * piety under Uskayaw
  2308 | D:4      | Noticed Robin
  2318 | D:4      | Killed Robin
  2318 | D:4      | Reached ** piety under Uskayaw
  2326 | D:4      | Reached *** piety under Uskayaw
  2335 | D:4      | Reached **** piety under Uskayaw
  2342 | D:4      | Reached ***** piety under Uskayaw
  2412 | D:4      | Reached skill level 1 in Shields
  2412 | D:4      | Reached skill level 1 in Invocations
  2412 | D:4      | Reached XP level 6. HP: 32/32 MP: 7/7
  2512 | D:4      | You fall into a shaft and drop 3 floors!
  2555 | D:6      | Identified the +0 robe "Hoina" {MP-9 Int+5}
  2580 | D:6      | Noticed a black bear
  2586 | D:6      | Killed a black bear
  2595 | D:6      | Reached XP level 7. HP: 36/36 MP: 9/9
  2600 | D:6      | Reached skill level 5 in Short Blades
  2614 | D:6      | Reached ****** piety under Uskayaw
  2725 | D:6      | Found a hazy altar of Hepliaklqana.
  2727 | D:6      | Found a glowing golden altar of the Shining One.
  2728 | D:6      | Found an opulent altar of Gozag.
  2728 | D:6      | Found a blossoming altar of Fedhas.
  2729 | D:6      | Found an ancient bone altar of Kikubaaqudgha.
  2739 | D:6      | Found a sacrificial altar of Ru.
  2912 | D:6      | Found a glowing drain.
  2917 | Sewer    | Entered a sewer
  2952 | Sewer    | Noticed Pargi
  2958 | Sewer    | Killed Pargi
  3002 | Sewer    | Gained mutation: You have razor-sharp teeth. [Vine Stalker
                  | growth]
  3002 | Sewer    | Reached XP level 8. HP: 42/42 MP: 9/11
  3189 | D:5      | Entered Level 5 of the Dungeon
  3354 | D:4      | Found a runed translucent door.
  3355 | D:4      | Noticed Crazy Yiuf
  3362 | D:4      | Killed Crazy Yiuf
  3421 | D:5      | Reached skill level 6 in Short Blades
  4366 | D:7      | Noticed a hellwing
  4386 | D:7      | Killed a hellwing
  4387 | D:7      | Reached skill level 5 in Fighting
  4387 | D:7      | Reached skill level 7 in Short Blades
  4394 | D:7      | HP: 1/43 [centaur warrior skeleton (6)]
  4394 | D:7      | Slain by a centaur warrior skeleton

Illustrated notes

Levels and vault maps discovered:
D:1:      dpeg_arrival_tiny_g, layout_basic,
          hellmonk_ecumenical_altar_prayer_group
D:2:      layout_basic, basic_altar, chequers_serial_rivers_room_a
D:3:      layout_loops_ring, mrwooster_statue_mirror, minivault_27
D:4:      layout_basic, minmay_temple_entry_glassed_door, uniq_robin,
          uniq_crazy_yiuf_cottage
D:5:      layout_loops_cross
D:6:      layout_basic, grunt_temple_overflow_open, portal_sewer_entry_e
D:7:      cheibrodos_grave_circle, layout_cave_pods, lemuel_round_altar
Temple:   nicolae_temple_ecumenical_triangle

Skill      XL: |  1  2  3  4  5  6  7  8 |
---------------+-------------------------+-----
Short Blades   | 2 3 4 5 7 |  7.0
Fighting       | 2 3 4 5 |  5.0
Shields        | 1 2 3 |  3.7
Invocations    | 1 2 4 |  4.1
Throwing       | |  1.7
Dodging        | |  0.7
Stealth        | |  4.8

Action                     |  1- 3 |  4- 6 |  7- 9 || total
---------------------------+-------+-------+-------++-------
  Melee: Dagger            |    45 |       |       ||    45
         Bite              |     9 |    11 |    21 ||    41
         Long sword        |    23 |    78 |    92 ||   193
  Throw: Dart              |       |       |     1 ||     1
 Invoke: Line Pass         |       |       |     1 ||     1
    Use: Scroll            |     9 |     2 |       ||    11
         Potion            |       |     1 |       ||     1
   Stab: Sleeping          |    11 |     7 |     4 ||    22
         Distracted        |     1 |       |       ||     1
         Paralysed         |       |     1 |     4 ||     5
 Armour: Robe              |    19 |       |       ||    19
         Ring mail         |     4 |    47 |    56 ||   107
  Dodge: Dodged            |    31 |    38 |    71 ||   140
  Block: Kite shield       |       |    39 |    83 ||   122
